Map: 엔디온 잔해

Players

llllllllllll - Winner!

  • Race: Zerg Zerg
  • League: Grandmaster

llllllllllll (Scarlett)

  • Race: Zerg Zerg
  • League: Grandmaster

VOD

Have the link to the VOD?

Description

Time

  • Played on: April 14, 2016, 4:02 a.m.
  • Length: 6:28
Show
View Real Time Build Order
Export as new Build Order

llllllllllll Zerg - Winner!

Build Orders: Hatch First 

Get SALT Encoding   

  12  0:00  Drone  
  13  0:13  Overlord  
  13  0:17  Drone  
  14  0:31  Drone x2  
  16  0:35  Drone  
  17  0:53  Hatchery  
  17  0:55  Drone  
  17  0:57  Drone  
  17  1:01  Extractor  
  17  1:14  Spawning Pool  
  17  1:16  Drone  
  17  1:19  Drone  
  18  1:28  Drone  
  19  1:39  Overlord  
  19  2:00  Zergling x2, Queen  
  22  2:01  Zergling x2  
  22  2:04  Queen  
  22  2:05  Drone  
  22  2:07  Metabolic Boost  
  26  2:11  Drone  
  27  2:16  Drone  
  28  2:23  Baneling Nest  
  28  2:25  Drone  
  28  2:27  Drone  
  29  2:35  Drone  
  30  2:43  Zergling x2  
  31  2:50  Drone  
  31  2:51  Drone  
  33  3:02  Hatchery  
  32  3:07  Baneling x2  
  32  3:08  Overlord  
  32  3:10  Drone x3  
  35  3:19  Drone  
  36  3:20  Overlord  
  36  3:23  Overlord  
  36  3:34  Drone  
  36  3:35  Extractor, Drone  
  36  3:40  Drone  
  38  3:41  Overlord x2  
  38  3:42  Drone  
  38  3:43  Drone  
  38  3:46  Drone  
  38  3:47  Drone  
  42  3:50  Drone  
  42  3:51  Drone  
  44  4:00  Zergling x2  
  44  4:01  Roach Warren  
  44  4:06  Drone x2  
  44  4:07  Overlord  
  46  4:11  Overlord  
  46  4:20  Zergling x4, Queen  
  50  4:30  Overlord  
  50  4:37  Baneling x3  
  50  4:41  Roach  
  50  4:42  Roach x4  
  58  4:53  Roach x3  
  58  4:54  Roach x2  
  66  5:00  Roach x3  
  66  5:04  Baneling  
  66  5:05  Baneling x3  
  72  5:07  Zergling x2  
  72  5:13  Ravager  
  70  5:19  Zergling x12  
  70  5:20  Queen  
  69  5:23  Ravager  
  71  5:28  Roach x3  
  72  5:40  Baneling x2  
  72  5:45  Ravager  
  72  5:46  Zergling x20  
  81  5:52  Zergling x4  
  82  5:57  Zergling x2  
  82  5:58  Zergling x2  
  84  6:05  Zergling x6  
  86  6:20  Ravager  
Show
View Real Time Build Order
Export as new Build Order

llllllllllll Zerg 

Build Orders: Pool First 

Get SALT Encoding   

  12  0:06  Drone  
  13  0:09  Drone  
  14  0:17  Overlord  
  14  0:26  Extractor  
  14  0:27  Drone  
  15  0:37  Drone  
  15  0:39  Drone  
  17  0:45  Spawning Pool  
  16  0:52  Drone  
  16  0:55  Extractor  
  16  1:00  Drone  
  17  1:12  Drone  
  18  1:18  Hatchery  
  18  1:23  Drone  
  18  1:33  Queen  
  18  1:38  Zergling x2  
  21  1:45  Drone  
  22  1:54  Overlord  
  22  2:01  Metabolic Boost  
  22  2:04  Evolution Chamber  
  22  2:05  Drone  
  22  2:12  Queen  
  24  2:18  Drone  
  25  2:28  Drone  
  26  2:33  Queen  
  26  2:35  Zerg Melee Weapons Level 1  
  28  2:38  Zergling x2  
  28  2:42  Drone  
  30  2:44  Zergling x2  
  30  2:48  Drone  
  32  2:52  Drone  
  32  2:53  Drone  
  32  2:56  Drone  
  35  3:00  Overlord  
  35  3:17  Drone  
  36  3:20  Hatchery  
  35  3:27  Overlord  
  35  3:28  Zergling x6  
  35  3:32  Zergling x2  
  35  3:33  Zergling x2  
  40  3:38  Overlord  
  40  3:41  Zergling x4  
  42  3:57  Overlord  
  42  3:58  Zergling x10  
  42  3:59  Zergling x2  
  48  4:04  Zergling x2  
  48  4:05  Zergling x2  
  50  4:11  Zergling x2  
  51  4:19  Zergling x2  
  51  4:20  Zergling x2  
  53  4:26  Zergling x2  
  54  4:33  Zergling x10  
  54  4:35  Zergling x6  
  62  4:40  Zergling x2  
  51  4:57  Zergling x2  
  51  4:58  Zergling x8  
  51  4:59  Zergling x2  
  50  5:09  Zergling x2  
  50  5:10  Zergling x14  
  54  5:20  Zergling x10  
  52  5:35  Zergling x8  
  49  5:38  Zergling x2  
  49  5:39  Zergling x6  
  52  5:47  Zergling x2  
  52  5:48  Zergling x6  
  53  5:52  Zergling x4  
  55  6:04  Zergling x2  
  55  6:05  Zergling x8  
Tags
 
Add a new tag
Caveats
  • Supply blocks, unpowered buildings, or Contaminate may cause inaccurate times.
  • Supply counts are checked every 10 seconds.